 Dungeon Crawl Stone Soup version 0.22.0 (webtiles) character file.

52 DUSTMIGHTY the Cutter (level 3, 0/31 HPs)
             Began as a Minotaur Gladiator on Oct 3, 2018.
             Splashed by a jelly's acid (9 damage)
             ... on level 2 of the Dungeon.
             The game lasted 00:20:59 (1213 turns).

DUSTMIGHTY the Cutter (Minotaur Gladiator)          Turns: 1213, Time: 00:21:00

Health: 0/31       AC: -4    Str: 22    XL:     3   Next: 60%
Magic:  2/2        EV: 13    Int:  5    God:
Gold:   107        SH:  0    Dex: 11    Spells: 2/2 levels left

rFire    . . .     SeeInvis .   a - +0 rapier
rCold    . . .     Gourm    .   (no shield)
rNeg     . . .     Faith    .   b - +0 leather armour
rPois    .         Spirit   .   c - +0 hat
rElec    .         Reflect  .   (no cloak)
rCorr    .         Harm     .   (no gloves)
MR       .....                  (no boots)
Stlth    +.........             (no amulet)
HPRegen  0.10/turn              i - +3 ring of strength
MPRegen  0.08/turn              (no ring)

@: corroded
A: retaliatory headbutt, horns 2
a: no special abilities


You were on level 2 of the Dungeon.
You were not hungry.

You visited 1 branch of the dungeon, and saw 2 of its levels.

You collected 107 gold pieces.

Inventory:

Hand Weapons
 a - a +0 rapier (weapon)
 p - a +0 spear
Missiles
 d - 3 throwing nets
 g - 4 needles of sleeping
 h - 20 bolts
 o - 7 poisoned needles (quivered)
Armour
 b - a +0 leather armour (worn)
 c - a +0 hat (worn)
Jewellery
 i - a +3 ring of strength (left hand)
Scrolls
 e - a scroll of identify
Potions
 j - a potion of heal wounds
 m - 3 potions of invisibility {unknown}
 n - a potion of haste {unknown}
Comestibles
 f - 5 rations
 l - 5 chunks of flesh


   Skills:
 + Level 3.0 Fighting
 + Level 4.1 Short Blades
 + Level 2.3 Throwing
 + Level 0.4 Armour
 + Level 3.8 Dodging


You had 2 spell levels left.
You didn't know any spells.
Your spell library was empty.

Dungeon Overview and Level Annotations

Branches:
Dungeon (2/15)

Altars:


Innate Abilities, Weirdness & Mutations

You reflexively headbutt those who attack you in melee.
You have a pair of horns on your head.


Message History

The ooze hits the fungus.
Cornered, the ooze turns to fight!
Cornered, the jelly turns to fight!
Cornered, the ooze turns to fight! x2; The ooze hits the fungus.
You see here a goblin skeleton.
There is an open door here.
You see here a club.
The jelly hits you.
You are splashed with acid!
The acid burns!
You hit the jelly but do no damage. The acid corrodes you!
Your hands burn!
The jelly barely misses you.
You hit the jelly but do no damage.
Your hands burn!
The jelly closely misses you.
You hit the jelly but do no damage.
Your hands burn!
You headbutt the jelly.
The jelly is lightly wounded.
The jelly closely misses you.
You puncture the jelly!
Your hands burn!
You headbutt the jelly.
The jelly is almost dead.
The jelly hits you.
* * * LOW HITPOINT WARNING * * *
You are splashed with acid!
The acid burns!
You die...

####..# #.....# #.###.#
#.#.#.# ######## #(....#
##########...JJJ#
.(.(..###....).##JPP..J÷#
....(.##.......#J#÷J....#
..(...').......#J#.PPP..#
#.....'†.......#@#÷.....#
....#.)).....#'#)#÷..J..#
.#..#.##...[.#.#.#...J.÷#
...######....#.#.#P.P.PJ#
...# #######.##.....(#
.### ############### .#
####..####
.#######........# #
.........##....##.###


You could see a jelly and 2 oozes.

Vanquished Creatures
  An adder (D:2)
  An ooze (D:2)
  A worm (D:2)
  A dart slug (D:1)
  6 bats (D:1)
  2 giant cockroaches (D:2)
  2 goblins (D:1)
  4 hobgoblins
  11 kobolds
  2 rats (D:1)
31 creatures vanquished.

Vanquished Creatures (others)
  7 toadstools (D:2)
7 creatures vanquished.

Grand Total: 38 creatures vanquished

Notes
Turn   | Place    | Note
-------+----------+-------------------------------------------
     0 | D:1      | DUSTMIGHTY the Minotaur Gladiator began the quest for the Orb.
     0 | D:1      | Reached XP level 1. HP: 18/18 MP: 0/0
   147 | D:1      | Reached XP level 2. HP: 23/25 MP: 1/1
  1059 | D:2      | Reached XP level 3. HP: 23/30 MP: 2/2
  1085 | D:2      | Reached skill level 4 in Short Blades
  1213 | D:2      | Splashed by a jelly's acid

Skill      XL: |  1  2  3 |
---------------+----------+-----
Short Blades   | 4 |  4.1
Fighting       | 3 |  3.0
Throwing       | |  2.3
Armour         | |  0.4
Dodging        | |  3.8

Action                   || total
-------------------------++-------
Melee: Rapier            ||    47
       Headbutt          ||     9
       Spear             ||    24
  Use: Scroll            ||     3
       Potion            ||     1
 Stab: Sleeping          ||     1
  Eat: Chunk             ||     1
Armor: Leather armour    ||    32
Dodge: Dodged            ||    67
